AoeStats
← CNZS_98T

Nomad

506446178Analyzed
4v4 RM · 18d ago on Sep 13, 2026· 43m 4s· 8 players
Game mode
Random Map
Map size
231×231
Population
200
Speed
Normal
Resources
Standard
Victory
Conquest
Starting age
Dark Age
Ending age
Imperial Age
RankedLock teamsTeams togetherTeam positionsShared explorationLock speedFull tech treeHidden civsTurbo modeCheats
Victory
Defeat
🇨🇳 Malay · China
1956
+12
🇳🇱 Maya · Netherlands
1947
+13
🇨🇳 Ethiopians · China
1910
+14
🇮🇳 Cumans · India
1884
+14
🇨🇦 Bengalis · Canada
1885
-14
🇻🇳 Gurjaras · Vietnam
1881
-14
🇻🇳 Vikings · Vietnam
1868
-13
🇨🇳 Huns · China
1839
-12
爱人跟人走
13:32 Feudal Age
17:08 Castle Age
16:09 Double-Bit Axe
16:59 Scale Barding Armor
19:22 Chain Barding Armor
27:20 Horse Collar
28:39 Loom
30:38 Bow Saw
31:16 Heavy Plow
35:12 Wheelbarrow
39:34 Imperial Age
37:41 Gold Mining
39:16 Forging
41:17 Plate Barding Armor
Quàng Thượng
4:21 Loom
12:28 Feudal Age
13:33 Town Watch
16:55 Castle Age
15:37 Double-Bit Axe
16:20 Bloodlines
16:48 Scale Barding Armor
16:51 Gold Mining
23:51 Chain Barding Armor
26:10 Bow Saw
27:43 Forging
32:48 Wheelbarrow
32:23 Horse Collar
40:04 Imperial Age
41:57 Chemistry
41:10 Padded Archer Armor
Brunker
4:36 Loom
13:34 Feudal Age
14:44 Town Watch
18:40 Castle Age
19:24 Double-Bit Axe
19:37 Horse Collar
23:18 Fletching
24:23 Padded Archer Armor
26:56 Bodkin Arrow
saymynameBook
13:43 Feudal Age
14:21 Town Watch
17:16 Castle Age
15:16 Double-Bit Axe
15:57 Gold Mining
16:51 Fletching
17:07 Fishing Lines
18:02 Bodkin Arrow
18:17 Bow Saw
18:21 Loom
23:41 Horse Collar
26:09 Stone Mining
31:18 Imperial Age
30:38 Ballistics
32:47 Gold Shaft Mining
32:50 Gillnets
32:23 Elite Skirmisher
35:28 Chemistry
35:17 Bracer
35:18 Padded Archer Armor
35:25 Capped Ram
37:05 Siege Ram
38:14 Leather Archer Armor
38:03 Siege Ram
39:22 Conscription
39:56 Ring Archer Armor
40:43 Conscription
CNZS_98T
4:19 Loom
12:13 Feudal Age
12:53 Double-Bit Axe
17:50 Fishing Lines
22:05 Castle Age
20:54 Stone Mining
20:49 Horse Collar
21:18 Gold Mining
21:38 Town Watch
23:58 Wheelbarrow
28:25 Imperial Age
26:16 Fletching
26:40 Bow Saw
27:44 Bodkin Arrow
29:06 Ballistics
31:23 Bracer
33:09 Padded Archer Armor
35:07 Chemistry
35:17 Conscription
35:56 Leather Archer Armor
35:52 Heavy Plow
36:27 Thumb Ring
38:24 Ring Archer Armor
39:13 Onager
43:00 Elite Plumed Archer
_LY_Yo
9:17 Loom
12:10 Feudal Age
14:12 Double-Bit Axe
15:31 Fishing Lines
17:29 Town Watch
21:21 Castle Age
19:35 Stone Mining
19:35 Gold Mining
20:28 Scale Mail Armor
20:48 Forging
22:33 Squires
23:19 Chain Mail Armor
23:39 Iron Casting
22:48 Horse Collar
23:53 Heavy Plow
25:04 Arson
26:00 Bow Saw
27:43 Wheelbarrow
28:23 Gillnets
30:58 Royal Heirs
38:45 Imperial Age
37:13 Hand Cart
39:03 Onager
40:06 Conscription
39:47 Torsion Engines
40:45 Siege Onager
43:53 Two-Man Saw
43:30 Gold Shaft Mining
43:31 Town Patrol
DK2
4:00 Loom
13:58 Feudal Age
17:49 Castle Age
15:49 Double-Bit Axe
19:15 Fletching
21:17 Ballistics
20:53 Bodkin Arrow
23:58 Bow Saw
28:07 Horse Collar
33:08 Town Watch
33:59 Wheelbarrow
33:31 Heavy Plow
38:36 Imperial Age
39:21 Elite Kipchak
41:48 Chemistry
41:04 Gold Mining
43:45 Thumb Ring
_LY_lyx
15:02 Feudal Age
14:54 Fishing Lines
18:04 Castle Age
16:07 Double-Bit Axe
16:58 Loom
17:58 Gillnets
19:22 Wheelbarrow
18:58 Bow Saw
19:51 Medium Warships
20:24 Gold Mining
21:18 Careening
21:20 Clinker Construction
25:26 Forging
25:58 Fletching
26:56 Bodkin Arrow
27:20 Town Watch
36:55 Imperial Age
35:54 Capped Ram
37:36 Conscription
39:04 Elite Karambit Warrior
42:32 Iron Casting
42:55 Heavy Warships
Connection lost

Rejoining the realm…

Still unreachable

The connection could not be restored.

Session expired

The server has moved on; the page needs a fresh start.